 Dungeon Crawl Stone Soup version 0.28-a0-1038-g9c4cb8273d (webtiles) character file.

Game seed: 4308021703326328288

4 spiderkeys the Ducker (level 1, -2/10 HPs)
             Began as a Felid Abyssal Knight on Dec 8, 2021.
             Was an Initiate of Lugonu.
             Frozen to death by an endoplasm (5 damage)
             ... on level 1 of the Dungeon.
             The game lasted 00:01:09 (532 turns).

spiderkeys the Ducker (Felid Abyssal Knight)         Turns: 532, Time: 00:01:10

Health: -2/10      AC:  1    Str:  9    XL:     1   Next: 50%
Magic:  3/3        EV: 18    Int: 11    God:    Lugonu [......]
Gold:   20         SH:  0    Dex: 16    Spells: 0/0 levels left
                                        Lives:  0   Deaths: 0

rFire   . . .      SeeInvis +     - Unarmed
rCold   . . .      Faith    .   (shield unavailable)
rNeg    . . .      Spirit   .   (armour unavailable)
rPois   .          Reflect  .   (helmet unavailable)
rElec   .          Harm     .   (cloak unavailable)
rCorr   .          Rampage  .   (gloves unavailable)
Will    .....                   (boots unavailable)
Stlth   ++........              (no amulet)
HPRegen 0.03/turn               (no ring)
MPRegen 0.08/turn               (no ring)

@: quick
A: very small, claws 1, fangs 3, see invisible, speed 1, shaggy fur 1, stealthy
paws, no weapons or thrown items, no armour, multi-lived
a: Renounce Religion


You were on level 1 of the Dungeon.
You worshipped Lugonu.
Lugonu was noncommittal.
You visited 1 branch of the dungeon, and saw 1 of its levels.
You visited the Abyss 1 time.

You collected 20 gold pieces.


Innate Abilities, Weirdness & Mutations

You have sharp claws.
You have razor-sharp teeth.
You have supernaturally acute eyesight. (SInv)
You cover ground quickly. (Speed+)
You are covered in fur. (AC +1)
Your paws help you pounce on unaware monsters.
You are incapable of wielding weapons or throwing items.
You cannot wear armour.
You gain extra lives every three experience levels.


   Skills:
 + Level 3.0 Fighting
 + Level 3.3 Dodging
 + Level 0.6 Stealth
 + Level 2.1 Unarmed Combat
 - Level 1.7 Invocations


You couldn't memorise any spells.
You didn't know any spells.
Your spell library contained the following spells:

 Spells                   Type           Power      Damage    Failure   Level
 Sublimation of Blood     Necr           0%         N/A       47%         2
 Wereblood                Tmut           0%         N/A       47%         2
 Summon Hydra             Summ           0%         N/A       100%        7

You aren't carrying anything.

Dungeon Overview and Level Annotations

Branches:
Dungeon (1/15)

Altars:

#........#
####........###
...............
#........# #........#
#........# ###
#........#
..#########........#
#.#....@Jg'..........
#.#.#######........###
#.#.# #........# #.#.#
########## #.#.# #.#.#
#.#.# #######.#.#
........#.#


You could see an endoplasm and a hobgoblin.


Message History

The smoke demon roars!
You see here a book of Blood.
Unknown command.
You pick up a book of Blood and begin reading...
You add the spells Sublimation of Blood, Wereblood and Summon Hydra to your library.
A large abomination comes into view.
You pass through the gate.
You can no longer depart the Abyss at will.
There is a staircase leading out of the dungeon here. 😎 MP[-1]
You lost 1 mp, and now have 2/3 mp.
Unknown command.
Okay, then.
You now have 16 gold pieces (gained 10).
Key pressed, stopping explore.
A bat comes into view. 😎 MP[+1]
Your mp is fully restored (3).
You closely miss the bat. The bat hits you but does no damage.
The bat hits you but does no damage. The bat misses you.
The bat hits you. 😕 HP[-1]
You take 1 damage, and now have 9/10 hp.
The bat hits you but does no damage. The bat closely misses you.
You scratch the bat.
You kill the bat!
Lugonu accepts your kill.
No target in view!
No target in view!
No target in view!
You see here a bat corpse.
Key pressed, stopping explore.
Key pressed, stopping explore.
A kobold comes into view. It is wielding a +0 short sword.
The kobold shouts! 😎 HP[+1]
Your hp is fully restored (10).
You closely miss the kobold. The kobold hits you but does no damage.
You scratch the kobold but do no damage.
The kobold misses you.
You scratch the kobold.
You kill the kobold!
Lugonu accepts your kill.
No target in view!
No target in view!
There is a shaft here.
You see here a +0 club.
Key pressed, stopping explore.
Key pressed, stopping explore.
You see here a +0 short sword.
A dart slug comes into view.
The dart slug launches a dart at you. The slug dart misses you.
You scratch the dart slug. The dart slug barely misses you.
You scratch the dart slug. The dart slug bites you. 😮 HP[-3]
You take 3 damage, and now have 7/10 hp.
MASSIVE DAMAGE!! (PAUSE)
You scratch the dart slug. You barely miss the dart slug.
The dart slug closely misses you.
You barely miss the dart slug. The dart slug completely misses you.
You scratch the dart slug.
You kill the dart slug!
Lugonu accepts your kill.
You see here a dart slug corpse.
Key pressed, stopping explore.
Key pressed, stopping explore.
You now have 20 gold pieces (gained 4).
Key pressed, stopping explore.
You open the door.
A hobgoblin comes into view. 😎 HP[+3]
Your hp is fully restored (10).
An endoplasm comes into view.
There is an open door here.
The endoplasm quivers.
The hobgoblin shouts!
You scratch the hobgoblin but do no damage.
The hobgoblin completely misses you.
You scratch the endoplasm but do no damage.
The endoplasm misses you. The hobgoblin barely misses you.
You scratch the endoplasm. The endoplasm hits you.
The hobgoblin completely misses you. 😮 HP[-3]
You take 3 damage, and now have 7/10 hp.
MASSIVE DAMAGE!! (PAUSE)
There is an open door here.
You scratch the endoplasm but do no damage.
The endoplasm freezes you.
You are frozen.
* * * LOW HITPOINT WARNING * * *
😨 HP[-4]
You take 4 damage, and now have 3/10 hp.
MASSIVE DAMAGE!! (PAUSE)
You barely miss the endoplasm. The endoplasm freezes you.
You are frozen.
Ouch! That really hurt!
You die...

Action                   || total
-------------------------++-------
Melee: Unarmed           ||    16
Invok: Depart the Abyss  ||     1
Armor: Skin              ||     4
Dodge: Dodged            ||    11

Levels and vault maps discovered:
D:1:      erik_arrival_orb_chamber, layout_basic, hangedman_abyss_or_decor_stabs

Notes
Turn   | Place    | Note
-------+----------+-------------------------------------------
     0 | Abyss:1  | spiderkeys the Felid Abyssal Knight began the quest for the
                  | Orb.
     0 | Abyss:1  | Reached XP level 1. HP: 10/10 MP: 3/3
     0 | Abyss:1  | magus.rc [v1.9.10]
    90 | Abyss:2  | Found an ornate altar of the Wu Jian Council.
   136 | Abyss:3  | Noticed a smoke demon
   138 | Abyss:3  | You pick up a book of Blood and begin reading...
   138 | Abyss:3  | You add the spells Sublimation of Blood, Wereblood and
                  | Summon Hydra to your library.
   138 | Abyss:3  | Noticed a large abomination
   139 | D:1      | You pass through the gate.
   139 | D:1      | Escaped the Abyss
   532 | D:1      | Frozen to death by an endoplasm

Vanquished Creatures
  A dart slug (D:1)
  A bat (D:1)
  A kobold (D:1)
3 creatures vanquished.

Table legend:
 A = Non-vault XP
 B = Vault XP
 C = Vault XP percentage of total XP
 D = Non-vault monster count
 E = Vault monster count
 F = Vault count percentage of total count
                 A         B        C        D         E       F
            +---------+---------+-------+---------+---------+-------
      Total |       6 |       0 |   0.0 |       3 |       0 |   0.0
            +---------+---------+-------+---------+---------+-------
        D:1 |       6 |       0 |   0.0 |       3 |       0 |   0.0
            +---------+---------+-------+---------+---------+-------

Illustrated notes

Table legend:
 A = Kills in this place as a percentage of kills in entire the game.
 B = Kills by you in this place as a percentage of kills by you in the entire game.
 C = Kills by friends in this place as a percentage of kills by friends in the entire game.
 D = Other kills in this place as a percentage of other kills in the entire game.
 E = Experience gained in this place as a percentage of experience gained in the entire game.
 F = Experience gained in this place divided by the number of levels of this place that you have seen.
                   A       B       C       D       E      F
               +-------+-------+-------+-------+-------+----------------------
         Total | 100.0 | 100.0 |   N/A |   N/A | 100.0 |   1.5
       Dungeon | 100.0 | 100.0 |   N/A |   N/A | 100.0 |   6.0
               +-------+-------+-------+-------+-------+----------------------

Table legend: (Time is in decaauts)
 A = Elapsed time spent in this place.
 B = Non-inter-level travel time spent in this place.
 C = Inter-level travel time spent in this place.
 D = Time resting spent in this place.
 E = Time spent auto-exploring this place.
 F = Levels seen in this place.
 G = Mean time per level.
                   A        B        C        D        E       F      G
               +--------+--------+--------+--------+--------+-----+--------+
         Total |    452 |    452 |      0 |      0 |    336 |   4 |  113.0 |
       Dungeon |    338 |    338 |      0 |      0 |    298 |   1 |  338.0 |
         Abyss |    113 |    113 |      0 |      0 |     37 |   3 |   37.7 |
               +--------+--------+--------+--------+--------+-----+--------+

Top non-repeatable levels by time:
     D:1: 338 daAuts
 Abyss:1: 48 daAuts
 Abyss:2: 35 daAuts
 Abyss:3: 30 daAuts
